 Dungeon Crawl Stone Soup version 0.28-a0-563-gf77a47075d (webtiles) character file.

Game seed: 751909308515642963

1388 AttackTheMoon the Magician (level 8, -2/108 HPs)
             Began as a Naga Hedge Wizard on Oct 1, 2021.
             Was an Initiate of Ashenzari.
             Slain by an orc warrior (4 damage)
             ... on level 8 of the Dungeon.
             The game lasted 00:15:17 (10797 turns).

AttackTheMoon the Magician (Naga Hedge Wizard)     Turns: 10797, Time: 00:15:18

Health: -2/108     AC: 28    Str: 13    XL:     8   Next: 67%
Magic:  3/15       EV:  1    Int: 22    God:    Ashenzari [......]
Gold:   397        SH:  5    Dex: 11    Spells: 11/17 levels left

rFire   . . .      SeeInvis +   a - +0 dagger
rCold   . . .      Faith    .   (no shield)
rNeg    + + +      Spirit   .   (armour currently unavailable)
rPois   +          Reflect  +   (helmet currently unavailable)
rElec   .          Harm     .   (cloak currently unavailable)
rCorr   .          Rampage  .   (gloves currently unavailable)
Will    +....      NoTele   +   (no barding)
Stlth   ++........              w - amulet of reflection
HPRegen 0.28/turn               m - +4 ring of protection
MPRegen 0.14/turn               o - ring "Astrological Burden" {Int+6, Melee, Elem} (curse)

@: tree-form
A: stationary, stasis, torment immunity, boosted hp, AC +2, large, see
invisible, (deformed body), (poison resistance), (slowness 2), spit poison 1,
(naga tail 1)
a: Spit Poison, Renounce Religion, Shatter the Chains


You were on level 8 of the Dungeon.
You worshipped Ashenzari.
Ashenzari was noncommittal.
You were a tree.
You visited 2 branches of the dungeon, and saw 9 of its levels.

You collected 397 gold pieces.

Inventory:

Hand Weapons
 a - a +0 dagger (weapon)
 h - a +2 scythe of pain
Missiles
 r - a throwing net
Armour
 b - a +0 robe (melded)
 c - a +0 hat (melded)
Jewellery
 i - a +6 ring of dexterity
 m - a +4 ring of protection (left branch)
 o - the cursed ring "Astrological Burden" (right branch) {Int+6, Melee, Elem}
   (You found it on level 5 of the Dungeon)

   [ring of intelligence]

   Int:       It affects your intelligence (+6).
   It has a curse which improves the following skills: Melee Combat: Short
   Blades, Long Blades, Axes, Maces & Flails, Polearms, Staves and Unarmed
   Combat.
   Elements:  Fire Magic, Ice Magic, Air Magic and Earth Magic.
 w - an amulet of reflection (around neck)
Wands
 e - a wand of flame (7)
 n - a wand of digging (5)
 u - a wand of charming (8)
 v - a wand of iceblast (5)
Scrolls
 g - a scroll of enchant armour
 l - a scroll of amnesia
 q - 5 scrolls of vulnerability
 s - a scroll of magic mapping
Potions
 d - 2 potions of degeneration
 f - a potion of resistance
 j - 2 potions of mutation
 p - 2 potions of lignification
 t - a potion of curing


   Skills:
 + Level 4.0 Fighting
 + Level 3.9 Dodging
 - Level 3.0 Stealth
 + Level 5.0 Spellcasting
 + Level 4.3 Conjurations
 - Level 1.0 Summonings
 - Level 4.3 Translocations
 + Level 0.5(0.8) Fire Magic
 + Level 3.9 Poison Magic


You had 11 spell levels left.
You knew the following spells:

 Your Spells              Type           Power      Damage    Failure   Level
a - Magic Dart            Conj           96%        1d7       1%          1
b - Blink                 Tloc           N/A        N/A       2%          2
c - Mephitic Cloud        Conj/Pois/Air  17%        N/A       10%         3

Your spell library contained the following spells:

 Spells                   Type           Power      Damage    Failure   Level
 Static Discharge         Conj/Air       15%        N/A       6%          2
 Call Imp                 Summ           10%        N/A       10%         2
 Conjure Flame            Conj/Fire      16%        6-21      11%         3
 Slow                     Hex            5%         N/A       16%         2
 Sticky Flame             Conj/Fire      16%        2d4       34%         4
 Dispel Undead            Necr           5%         3d7       69%         4


Dungeon Overview and Level Annotations

Branches:
Dungeon (8/15)             Temple (1/1) D:7
   Lair: D:8-11

Altars:
Ashenzari
Cheibriados
Dithmenos
Elyvilon
Fedhas
Gozag
Hepliaklqana
Kikubaaqudgha
Makhleb
Nemelex Xobeh
Okawaru
Qazlal
Ru
Sif Muna
Trog
Uskayaw
Vehumet
Wu Jian
Xom
Yredelemnul
Zin
The Shining One
Beogh

Annotations:
D:7 2 transporters
D:8 1 transporter


Innate Abilities, Weirdness & Mutations

You are a tree.
Your roots penetrate the ground, keeping you stationary.
You cannot be teleported.
You are immune to unholy pain and torment.
Your maximum health is greatly increased.
Your equipment is partially melded.
((Your serpentine skin is tough. (AC +2)))
You have supernaturally acute eyesight. (SInv)
((Armour fits poorly on your strangely shaped body.))
((Your system is resistant to poisons. (rPois)))
((You cover ground very slowly.))
You can spit poison.
((You have a snake-like lower body.))


Message History

You hit the orc warrior but do no damage.
The orc warrior is moderately wounded.
The orc warrior hits you but does no damage.
You barely miss the orc warrior.
The orc warrior is moderately wounded.
The orc warrior hits you with a +0 war axe!
* * * LOW HITPOINT WARNING * * *
You hit the orc warrior but do no damage.
The orc warrior is moderately wounded.
The orc warrior hits you but does no damage.
You barely miss the orc warrior.
The orc warrior is moderately wounded.
The orc warrior hits you but does no damage.
You hit the orc warrior.
The orc warrior is moderately wounded.
The orc warrior hits you but does no damage.
You hit the orc warrior.
The orc warrior is heavily wounded.
You block the orc warrior's attack.
You hit the orc warrior.
The orc warrior is heavily wounded.
The orc warrior hits you but does no damage.
You closely miss the orc warrior.
The orc warrior is heavily wounded.
The orc warrior hits you but does no damage.
You hit the orc warrior but do no damage.
The orc warrior is heavily wounded.
The orc warrior hits you but does no damage.
You hit the orc warrior but do no damage.
The orc warrior is heavily wounded.
The orc warrior hits you with a +0 war axe.
* * * LOW HITPOINT WARNING * * *
You barely miss the orc warrior.
The orc warrior is heavily wounded.
The orc warrior hits you with a +0 war axe!
* * * LOW HITPOINT WARNING * * *
You hit the orc warrior.
The orc warrior is severely wounded.
The orc warrior hits you with a +0 war axe.
You die...

###########
#.).......#####
+.............#
#.........###.##
#.........# #..#
..###...).....####.#######
........))...♣o....>......
#.....)......####..####..
#.............###..#
#.............#....#
....######...#.#.##.# !..
#.#.#.#.##.# ..
#.#.#.#.##.# .
###'#.#.#.##.#
...........#.#


You could see an orc warrior.

Vanquished Creatures
  Sigmund (D:2)
  A water moccasin (D:8)
  2 ice beasts
  A necrophage (D:5)
  An ogre (D:4)
  A water moccasin zombie (D:5)
  A scorpion (D:3)
  A water moccasin skeleton (D:6)
  A bullfrog skeleton (D:5)
  A gnoll shaman (D:5)
  2 hounds
  Jessica (D:2)
  3 iguanas
  Robin (D:2)
  7 gnolls (D:5)
  A howler monkey skeleton (D:7)
  4 adders
  12 river rats
  A shadow imp (D:7)
  2 white imps (D:5)
  An ufetubus (D:6)
  2 worms
  A dart slug (D:4)
  10 orcs
  4 ball pythons
  8 endoplasms
  4 giant cockroaches (D:3)
  12 goblins
  6 hobgoblins
  3 jackals (D:2)
  7 quokkas
  8 bats
  5 frilled lizards
  8 kobolds
  21 rats
145 creatures vanquished.

Notes
Turn   | Place    | Note
-------+----------+-------------------------------------------
     0 | D:1      | AttackTheMoon the Naga Hedge Wizard began the quest for the
                  | Orb.
     0 | D:1      | Reached XP level 1. HP: 15/15 MP: 4/4
   221 | D:1      | Reached XP level 2. HP: 24/24 MP: 1/6
   542 | D:1      | Found a faded altar of an unknown god.
  1127 | D:2      | Reached XP level 3. HP: 30/30 MP: 7/7
  1145 | D:2      | Noticed Jessica
  1152 | D:2      | Killed Jessica
  1153 | D:2      | Reached skill level 1 in Fighting
  1557 | D:2      | Reached XP level 4. HP: 17/38 MP: 3/9
  1984 | D:2      | Noticed Sigmund
  1996 | D:2      | Killed Sigmund
  1997 | D:2      | Reached XP level 5. HP: 23/45 MP: 0/10
  1997 | D:2      | Reached XP level 6. HP: 27/52 MP: 0/11
  2218 | D:2      | Noticed Robin
  2302 | D:2      | Killed Robin
  3107 | D:3      | Learned a level 2 spell: Blink
  3164 | D:3      | Reached skill level 4 in Spellcasting
  4850 | D:4      | Reached skill level 1 in Poison Magic
  4850 | D:4      | Reached XP level 7. HP: 57/61 MP: 3/13
  5191 | D:5      | Entered Level 5 of the Dungeon
  7363 | D:5      | Reached XP level 8. HP: 18/69 MP: 2/14
  8063 | D:5      | Learned a level 3 spell: Mephitic Cloud
  9202 | D:7      | Found a radiant altar of Vehumet.
  9320 | D:7      | Found a staircase to the Ecumenical Temple.
  9331 | Temple   | Entered the Ecumenical Temple
  9618 | Temple   | Became a worshipper of Ashenzari the Shackled
 10045 | D:7      | Found a transporter.
 10045 | D:7      | Found a transporter.
 10048 | D:7      | Identified the +5 great mace of the Madman {vorpal, +Blink
                  | Fly}
 10165 | D:7      | Reached skill level 5 in Spellcasting
 10296 | D:8      | Noticed a yak
 10296 | D:8      | Noticed a yak
 10296 | D:8      | Noticed a yak
 10296 | D:8      | Noticed a yak
 10552 | D:8      | Found a transporter.
 10796 | D:8      | HP: 2/108 [orc warrior (9)]
 10797 | D:8      | Slain by an orc warrior

Illustrated notes

Levels and vault maps discovered:
D:1:      nicolae_arrival_somewhat_less_tricky_arrival, layout_basic,
          chequers_ecumenical_altar_simple
D:2:      layout_basic, uniq_robin, uniq_jessica, uniq_sigmund
D:3:      layout_basic, gup_sewer_entry_pipe, hangedman_glass_teeth,
          chequers_hall_statues_y, hangedman_decor_points, chequers_arboretum
D:4:      layout_basic, fountainhead
D:5:      lemuel_ratsnest, layout_basic
D:6:      layout_rooms
D:7:      gammafunk_beogh_shrine, layout_basic, general_overflow_altar,
          temple_pool_b, chequers_garden, hangedman_glass_garden
D:8:      gammafunk_cloud_chamber, layout_basic, lair_entry_dummy,
          ebering_ghost_rock_garden, kennysheep_path_1, grunt_ministairs_6,
          uniq_harold
Temple:   nicolae_temple_the_god_donut

Skill      XL: |  1  2  3  4  5  6  7  8 |
---------------+-------------------------+-----
Fighting       | 1 2 3 4 |  4.0
Dodging        | 2 3 |  3.9
Conjurations   | 2 3 4 |  4.3
Translocations | 2 3 4 |  4.3
Spellcasting   | 4 5 |  5.0
Poison Magic   | 1 2 3 |  3.9
Stealth        | |  3.0
Summonings     | |  1.0
Fire Magic     | |  0.5

Action                   |  1- 3 |  4- 6 |  7- 9 || total
-------------------------+-------+-------+-------++-------
Melee: Dagger            |    28 |    93 |    89 ||   210
 Cast: Magic Dart        |    51 |   119 |   275 ||   445
       Blink             |       |     1 |     1 ||     2
       Mephitic Cloud    |       |       |     1 ||     1
Invok: Curse Item        |       |       |     1 ||     1
 Abil: Spit Poison       |    10 |    15 |    10 ||    35
  Use: Scroll            |       |     5 |     9 ||    14
       Potion            |       |     1 |     5 ||     6
 Stab: Sleeping          |     1 |       |       ||     1
Armor: Robe              |     6 |    41 |    87 ||   134
       Skin              |       |       |     7 ||     7
Dodge: Dodged            |    10 |    89 |   143 ||   242
Block: Other             |       |       |     3 ||     3

Table legend: (Time is in decaauts)
 A = Elapsed time spent in this place.
 B = Non-inter-level travel time spent in this place.
 C = Inter-level travel time spent in this place.
 D = Time resting spent in this place.
 E = Time spent auto-exploring this place.
 F = Levels seen in this place.
 G = Mean time per level.
                   A        B        C        D        E       F      G
               +--------+--------+--------+--------+--------+-----+--------+
         Total |  12860 |  12243 |    617 |   2055 |   8526 |   9 | 1428.9 |
       Dungeon |  12429 |  11876 |    553 |   2055 |   8194 |   8 | 1553.6 |
        Temple |    431 |    367 |     64 |      0 |    331 |   1 |  431.0 |
               +--------+--------+--------+--------+--------+-----+--------+

Top non-repeatable levels by time:
     D:5: 3053 daAuts
     D:4: 2166 daAuts
     D:2: 1874 daAuts
     D:1: 1634 daAuts
     D:3: 1431 daAuts
     D:7: 1416 daAuts
     D:6: 636 daAuts
  Temple: 431 daAuts
     D:8: 215 daAuts
